 Dungeon Crawl Stone Soup version 0.30-a0-610-gb513c0a51f (webtiles) character file.

Game seed: 3420429689851808122

65 M4edhros the Charlatan (level 4, -1/29 HPs)
             Began as an Octopode Artificer on Jan 8, 2023.
             Slain by a hobgoblin (2 damage)
             ... on level 3 of the Dungeon.
             The game lasted 00:03:32 (305 turns).

M4edhros the Charlatan (Octopode Artificer)          Turns: 305, Time: 00:03:32

Health: -1/29      AC:  1    Str: 11    XL:     4   Next: 14%
Magic:  4/4        EV: 13    Int: 13    God:
Gold:   8          SH:  0    Dex: 14    Spells: 3/3 levels left

rFire   . . .      SeeInvis .    e - +2 dagger (elec)
rCold   . . .      Faith    .    (no shield)
rNeg    . . .      Spirit   .    (helmet restricted)
rPois   .          Reflect  .    (no amulet)
rElec   .          Harm     .    (no ring)
rCorr   .          Rampage  .    (no ring)
Will    .....                    (no ring)
Stlth   +++                      (no ring)
HPRegen 0.24/turn                (no ring)
MPRegen 0.09/turn                (no ring)
                                 (no ring)
                                 (no ring)

@: no status effects
A: almost no armour, amphibious, 8 rings, camouflage 1, gelatinous body 1,
(nimble swimmer 1), tentacles
a: no special abilities


You were on level 3 of the Dungeon.
You visited 1 branch of the dungeon, and saw 3 of its levels.

You collected 8 gold pieces.

Inventory:

Hand Weapons
 e - a +2 dagger of electrocution (weapon)
Wands
 b - a wand of flame (17) (quivered)
 c - a wand of charming (11)
 d - a wand of iceblast (4)
Scrolls
 f - a scroll of immolation {unknown}
Potions
 a - 2 potions of attraction {unknown}


   Skills:
 + Level 1.8 Fighting
 * Level 0.1 Short Blades
 + Level 2.8 Dodging
 + Level 2.5 Stealth
 - Level 1.8 Unarmed Combat
 + Level 3.6 Evocations


You had 3 spell levels left.
You didn't know any spells.
Your spell library was empty.

Dungeon Overview and Level Annotations

Branches:
Dungeon (3/15)

Altars:
Zin

Annotations:
D:3 Robin


Innate Abilities, Weirdness & Mutations

You cannot wear most types of armour.
You are amphibious.
You can wear up to eight rings at the same time.
Your skin changes colour to match your surroundings (Stealth+).
Your rubbery body absorbs attacks. (AC +1, EV +1)
((You are camouflaged when in or above water. (Stealth+)))
You have tentacles for arms and can constrict up to eight enemies at once.


Message History

You are too injured to fight recklessly!
You are too injured to fight recklessly!
The orc attacks as you move away! The orc hits you with a +0 trident.
The orc misses you.
Aiming: Throw Flame
Press: ? - help, Shift-Dir - straight line, f - endoplasm
Aim: an endoplasm (98% to hit)
The puff of flame hits the orc.
The orc is moderately wounded.
The endoplasm freezes you.
You are frozen.
* * * LOW HITPOINT WARNING * * *
The orc barely misses you.
Aiming: Charm
Press: ? - help, Shift-Dir - straight line, f - endoplasm
Aim: an endoplasm (chance to affect: 74%)
The orc struggles to resist.
An endoplasm comes into view.
The orc closely misses you. The endoplasm closely misses you.
Aiming: Charm
Press: ? - help, Shift-Dir - straight line, f - endoplasm
Aim: an endoplasm (chance to affect: 74%)
The orc struggles to resist.
The endoplasm hits you.
* * * LOW HITPOINT WARNING * * *
The orc misses you.
The hobgoblin throws a stone.
The stone hits you.
* * * LOW HITPOINT WARNING * * *
Aiming: Charm
Press: ? - help, Shift-Dir - straight line, f - endoplasm
Aim: an endoplasm (chance to affect: 74%)
The orc struggles to resist.
The endoplasm completely misses you. The orc closely misses you.
Aiming: Charm
Press: ? - help, Shift-Dir - straight line, f - hobgoblin
Aim: a hobgoblin, quivering stones (chance to affect: 74%)
The orc is charmed.
The endoplasm freezes you.
You are frozen.
* * * LOW HITPOINT WARNING * * *
The hobgoblin hits you.
You die...

♣♣.♣♣♣
♣♣♣♣...♣
♣♣♣♣♣♣.♣♣
♣♣.....♣♣♣♣
♣.♣.♣♣.♣♣
♣♣.♣♣♣♣....♣♣♣
♣♣..†...♣ ♣.♣♣
♣♣♣♣...♣♣♣
♣..[..♣♣♣ ♣.♣♣
♣♣....♣♣♣♣
♣.....♣ ♣..♣♣
♣♣♣.....♣♣
♣♣...♣♣ ♣♣♣.♣
♣♣♣♣.... ♣♣♣♣♣
♣♣)♣♣♣ ♣♣♣..
♣.o@g♣ ♣♣.
♣...♣♣J.♣
♣♣♣♣.. ♣.♣♣
.♣♣ ♣....♣ ..♣
♣. ♣♣♣... ♣♣♣
♣J ♣... .♣
♣♣.. . ♣♣♣ ..


You could see 2 endoplasms, a hobgoblin and a friendly orc (charmed).

Vanquished Creatures
  Ijyb (D:3)
  2 adders
  A dart slug (D:3)
  2 orcs (D:3)
  2 ball pythons (D:3)
  A bat (D:3)
  An endoplasm (D:3)
  2 giant cockroaches (D:3)
  3 goblins (D:3)
  A kobold (D:3)
  A frilled lizard (D:3)
  A rat (D:3)
18 creatures vanquished.

Notes
Turn   | Place    | Note
-------+----------+-------------------------------------------
     0 | D:1      | M4edhros the Octopode Artificer began the quest for the
                  | Orb.
     0 | D:1      | Reached XP level 1. HP: 13/13 MP: 1/1
     7 | D:2      | Reached XP level 2. HP: 14/18 MP: 2/2
    18 | D:3      | Noticed Robin
    50 | D:3      | Reached skill level 1 in Unarmed Combat
    72 | D:3      | Reached XP level 3. HP: 10/23 MP: 3/3
    90 | D:3      | Found a glowing silver altar of Zin.
   210 | D:3      | Noticed Ijyb
   219 | D:3      | Killed Ijyb
   220 | D:3      | Reached XP level 4. HP: 22/29 MP: 4/4
   305 | D:3      | HP: 1/29 [frozen (5)]
   305 | D:3      | Slain by a hobgoblin

Illustrated notes

Levels and vault maps discovered:
D:1:      minmay_arrival_floating_metal, layout_loops_ring
D:2:      layout_rooms, basic_altar, hellmonk_ecumenical_altar_arch_garden,
          kennysheep_decorative_pillar, st_stairs_6
D:3:      kb_forest_paths, layout_loops_ring, mainiacjoe_overflow_brackets,
          lightli_temple_of_fire, uniq_grinder, uniq_ijyb, uniq_robin

Skill      XL: |  1  2 |
---------------+-------+-----
Unarmed Combat | 1 |  1.8
Stealth        | 2 |  2.5
Fighting       | |  1.8
Short Blades   | |  0.1
Dodging        | |  2.8
Evocations     | |  3.6

Action                   |  1- 3 |  4- 6 || total
-------------------------+-------+-------++-------
Melee: Unarmed           |    35 |     3 ||    38
       Constrict         |    11 |     2 ||    13
       Tentacles         |     7 |     2 ||     9
       Punch             |     2 |       ||     2
       Dagger            |       |     4 ||     4
Evoke: Wand              |     2 |     5 ||     7
 Stab: Sleeping          |     4 |       ||     4
Armor: Skin              |     3 |     1 ||     4
Dodge: Dodged            |    23 |    11 ||    34

Table legend: (Time is in decaauts)
 A = Elapsed time spent in this place.
 B = Non-inter-level travel time spent in this place.
 C = Inter-level travel time spent in this place.
 D = Time resting spent in this place.
 E = Time spent auto-exploring this place.
 F = Levels seen in this place.
 G = Mean time per level.
                   A        B        C        D        E       F      G
               +--------+--------+--------+--------+--------+-----+--------+
         Total |    302 |    302 |      0 |      2 |     64 |   3 |  100.7 |
       Dungeon |    302 |    302 |      0 |      2 |     64 |   3 |  100.7 |
               +--------+--------+--------+--------+--------+-----+--------+

Top non-repeatable levels by time:
     D:3: 285 daAuts
     D:2: 14 daAuts
     D:1: 3 daAuts
